 Dungeon Crawl Stone Soup version 0.19.5 (webtiles) character file.

194 tidbits the Magician (level 5, -12/34 HPs)
             Began as a High Elf Skald on Nov 16, 2017.
             Killed by divine providence
             ... invoked by an orc priest
              (13 damage)
             ... on level 3 of the Dungeon.
             The game lasted 00:13:28 (1294 turns).

tidbits the Magician (High Elf Skald)               Turns: 1294, Time: 00:13:29

Health: -12/34     AC:  5    Str: 19    XL:     5   Next: 44%
Magic:  0/12       EV: 13    Int: 16    God:
Gold:   114        SH:  0    Dex: 14    Spells: 5 memorised, 1 level left

rFire  + . .     SeeInvis .     a - +1 dagger (venom)
rCold  . . .     Gourm    .     B - +0 leather armour
rNeg   . . .     Faith    .     (no shield)
rPois  .         Spirit   +     (no helmet)
rElec  .         Reflect  .     (no cloak)
rCorr  .         Harm     .     G - +1 pair of gloves
MR     +....     Rnd*Rage +     (no boots)
Stlth  +.........               E - amulet of guardian spirit
                                C - ring of protection from fire
                                l - ring of protection from magic

@: mighty, invisible
A: talons 1, berserk 1, strong 1
a: no special abilities


You were on level 3 of the Dungeon.
You were hungry.

You visited 1 branch of the dungeon, and saw 4 of its levels.

You collected 114 gold pieces.

Inventory:

Hand Weapons
 a - a +1 dagger of venom (weapon)
   (You found it on level 1 of the Dungeon)
 b - a +0 falchion
 g - a -1 dagger
   (You found it on level 1 of the Dungeon)
Missiles
 e - 11 sling bullets
 j - 19 bolts
 p - 3 stones (quivered)
 u - 16 arrows
 x - 15 poisoned needles
Armour
 o - a +0 ring mail
   (You found it on level 1 of the Dungeon)
 B - a +0 leather armour (worn)
 G - a +1 pair of gloves (worn)
   (You found it on level 1 of the Dungeon)
Jewellery
 l - a ring of protection from magic (left hand)
   (You found it on level 1 of the Dungeon)
 C - a ring of protection from fire (right hand)
   (You found it on level 4 of the Dungeon)
 E - an amulet of guardian spirit (around neck)
   (You found it on level 3 of the Dungeon)
Scrolls
 h - a scroll of enchant weapon
 n - a scroll of magic mapping
 y - a scroll of remove curse
Potions
 m - a potion of degeneration {unknown}
 s - a potion of curing {unknown}
 w - a potion of berserk rage {unknown}
 D - a potion of ambrosia {unknown}
Books
 c - a book of Battle

   Spells                             Type                      Level
   a - Infusion                       Charms                       1
   b - Shroud of Golubria             Charms/Translocation         2
   c - Song of Slaying                Charms                       2
   d - Spectral Weapon                Hexes/Charms                 3
   e - Regeneration                   Charms/Necromancy            3
 A - a book of Necromancy
   (You found it on level 4 of the Dungeon)

   Spells                             Type                      Level
   a - Pain                           Necromancy                   1
   b - Animate Skeleton               Necromancy                   1
   c - Vampiric Draining              Necromancy                   3
   d - Regeneration                   Charms/Necromancy            3
   e - Animate Dead                   Necromancy                   4
   f - Control Undead                 Necromancy                   4
Comestibles
 d - 3 bread rations
 z - a meat ration


   Skills:
 - Level 2.0 Fighting
 - Level 3.0 Long Blades
 - Level 0.8 Armour
 - Level 2.9 Dodging
 - Level 4.3 Spellcasting
 + Level 1.3 Hexes
 + Level 4.2 Charms
 + Level 1.0 Necromancy


You had one spell level left.
You knew the following spells:

 Your Spells              Type           Power        Failure   Level  Hunger
g - Shroud of Golubria    Chrm/Tloc      ##........   14%         2    ##.....
i - Infusion              Chrm           ###.         4%          1    None
r - Regeneration          Chrm/Necr      ##........   21%         3    ###....
w - Spectral Weapon       Hex/Chrm       ##......     21%         3    ###....
y - Song of Slaying       Chrm           ###.....     8%          2    ##.....


Dungeon Overview and Level Annotations

Branches:
Dungeon (4/15)
 Temple: D:4-7

Altars:

Annotations:
D:1 exclusion: downstairs
D:2 Robin


Innate Abilities, Weirdness & Mutations

You have sharp toenails.
You tend to lose your temper in combat.
Your muscles are strong. (Str +2)


Message History

You miscast Regeneration.
You are very lightly contaminated with residual magic.
You sense a malignant aura.
Your skin is crawling a little less now.
Casting: Regeneration
Confirm with . or Enter, or press ? or * to list all spells.
Your skin crawls.
Unknown command.
The frilled lizard hisses angrily.
You see here a lumpy beryl amulet.
E - a lumpy beryl amulet The frilled lizard barely misses you.
Put on which piece of jewellery? (? for menu, Esc to quit)
You feel your power drawn to a protective spirit.
E - an amulet of guardian spirit (around neck)
The frilled lizard barely misses you. The orc misses you.
You closely miss the frilled lizard. The frilled lizard misses you.
The orc hits you.
You hit the frilled lizard.
You kill the frilled lizard!
Your skin is crawling a little less now.
The orc misses you.
You see here a frilled lizard corpse.
The orc priest invokes the aid of Beogh against you.
Beogh smites you!
Your skin stops crawling.
Found 7 gold pieces and a short sword.
A hobgoblin comes into view. It is wielding an antimagic broad axe.
The hobgoblin shouts!
Your magical contamination has completely faded away.
Press: ? - help, v - describe, . - travel
Here: a hobgoblin, wielding an antimagic broad axe The floor.
The hobgoblin closely misses you.
Found a bread ration.
The hobgoblin drinks a potion.
The hobgoblin suddenly seems more agile.
An orc priest comes into view. It is wielding a club.
Okay, then.
Found 9 gold pieces.
An orc priest comes into view. It is wielding a mace.
The orc priest shouts!
The orc priest moves out of view.
An orc comes into view.
Okay, then.
An orc comes into view. It is wielding a dagger.
The orc shouts!
An orc comes into view. It is wielding a whip.
Press: ? - help, v - describe, . - travel
Here: an orc, wearing a leather armour (hasn't noticed you)
The floor.
You aren't carrying any items that you can evoke.
Okay, then.
Okay, then.
As you read the scroll labeled INAMUF YTOD, it crumbles to dust.
You hear a loud clanging noise!
It was a scroll of noise.
The orc shouts! x2
The hobgoblin completely misses you.
As you read the scroll labeled NAEGOALANAI, it crumbles to dust.
The scroll dissolves into smoke.
It was a scroll of fog.
The hobgoblin barely misses you.
The orc priest mumbles some strange prayers to Beogh against you.
Beogh smites you!
* * * LOW HITPOINT WARNING * * *
Found a stone staircase leading down.
Okay, then.
As you read the scroll labeled LAEKIE KINU, it crumbles to dust.
It is a scroll of enchant armour.
Your +0 pair of gloves glows green for a moment.
The hobgoblin hits you but does no damage.
The orc priest hits you with a mace.
* * * LOW HITPOINT WARNING * * *
Okay, then.
Okay, then.
It was a potion of might.
You feel very mighty all of a sudden. The orc priest barely misses you.
The orc hits you but does no damage.
The hobgoblin hits you but does no damage.
As you read the scroll labeled PUTHIR FIOM, it crumbles to dust.
It is a scroll of recharging.
You aren't carrying any rechargeable items.
The orc priest mumbles some strange prayers to Beogh against you.
Pain shoots through your body!
* * * LOW HITPOINT WARNING * * *
The orc misses you.
The orc priest casts a cantrip, but nothing happens.
The orc closely misses you.
It was a potion of mutation.
You feel extremely strange.
You feel stronger.
Your toenails lengthen and sharpen.
You feel a little pissed off. The orc priest barely misses you.
The hobgoblin closely misses you. The orc completely misses you.
The orc priest hits you with a club.
* * * LOW HITPOINT WARNING * * *
The orc hits you but does no damage.
It was a potion of invisibility.
You fade into invisibility!
The orc priest calls down the wrath of Beogh upon you.
Beogh smites you!
You die...

.. ........ .>
. ..? ... # ..
.####.#.. #.#
#.#.#.
......#.####.#
.#.#.#.##
#...........
.....#...
##....)####.#
.#.....$#
#......o....#
......oo#
##....###.###
#..#oo@#
###?...###ob).
#...§og#
#.......#####.
#.§#o#
##......#####.
.§#§#
#.....o†.....
# #.#o#
###.#.#######
#.##.#o###
#.###
#.....o..# #o#
#........# #.#
#........#
##.#####


You could see 2 orc priests, 4 orcs and a hobgoblin.

Vanquished Creatures
  A hound (D:4)
  An orc priest (D:3)
  Jessica (D:2)
  Ijyb (D:3)
  A worker ant (D:4)
  2 adders (D:3)
  A worm (D:4)
  A dart slug (D:1)
  A leopard gecko (D:4)
  4 orcs
  3 goblins
  4 hobgoblins
  4 jackals (D:4)
  2 bats (D:1)
  2 frilled lizards
  6 kobolds
  3 rats
  A butterfly (D:4)
39 creatures vanquished.

Notes
Turn   | Place    | Note
-------+----------+-------------------------------------------
     0 | D:1      | tidbits the High Elf Skald began the quest for the Orb.
     0 | D:1      | Reached XP level 1. HP: 14/14 MP: 4/4
   161 | D:2      | Noticed Jessica
   318 | D:1      | Reached skill level 3 in Long Blades
   452 | D:1      | Reached XP level 2. HP: 7/19 MP: 2/6
   456 | D:1      | Learned a level 2 spell: Song of Slaying
   489 | D:2      | Noticed Robin
   547 | D:2      | Killed Jessica
   547 | D:2      | Reached skill level 2 in Dodging
   547 | D:2      | Reached XP level 3. HP: 14/24 MP: 1/7
   564 | D:2      | Learned a level 2 spell: Shroud of Golubria
   661 | D:3      | Reached skill level 3 in Spellcasting
   673 | D:3      | Learned a level 3 spell: Regeneration
   692 | D:3      | Noticed Ijyb
   697 | D:3      | Killed Ijyb
   697 | D:3      | Reached XP level 4. HP: 27/29 MP: 0/10
   826 | D:3      | Reached skill level 4 in Spellcasting
   846 | D:2      | Learned a level 3 spell: Spectral Weapon
  1093 | D:4      | Noticed a bullfrog
  1159 | D:4      | Reached skill level 1 in Hexes
  1159 | D:4      | Reached skill level 4 in Charms
  1159 | D:4      | Reached XP level 5. HP: 24/34 MP: 4/12
  1178 | D:4      | Reached skill level 1 in Necromancy
  1292 | D:3      | HP: 2/34 [orc priest/nerve-wracking pain (10)]
  1293 | D:3      | Gained mutation: Your muscles are strong. (Str +2) [potion of mutation]
  1293 | D:3      | Gained mutation: You have sharp toenails. [potion of mutation]
  1293 | D:3      | Gained mutation: You tend to lose your temper in combat. [potion of mutation]
  1294 | D:3      | Killed from afar by an orc priest

Skill      XL: |  1  2  3  4  5 |
---------------+----------------+-----
Long Blades    | 3 |  3.0
Dodging        | 2 |  2.9
Spellcasting   | 3 4 |  4.3
Hexes          | 1 |  1.3
Charms         | 4 |  4.2
Necromancy     | 1 |  1.0
Fighting       | |  2.0
Armour         | |  0.8

Action                   |  1- 3 |  4- 6 || total
-------------------------+-------+-------++-------
Melee: Dagger            |    41 |    85 ||   126
       Falchion          |    16 |       ||    16
 Cast: Infusion          |    10 |     3 ||    13
       Shroud of Golubri |     1 |     6 ||     7
       Regeneration      |       |     4 ||     4
  Use: Scroll            |     2 |     5 ||     7
       Potion            |       |     3 ||     3
  Eat: Chunk             |       |     2 ||     2
Armor: Leather armour    |    11 |    20 ||    31
Dodge: Dodged            |    27 |    67 ||    94
       Rpst.: Falchion   |     2 |       ||     2

Table legend:
 A = Turns spent in this place as a percentage of turns spent in the entire game.
 B = Non-inter-level travel turns spent in this place as a percentage of non-inter-level travel turns spent in the entire game.
 C = Inter-level travel turns spent in this place as a percentage of turns spent in this place.
 D = Turns resting spent in this place as a percentage of non-inter-level travel turns spent in this place.
 E = Turns spent auto-exploring this place as a percentage of non-inter-level travel turns spent in this place.
 F = Non-inter-level travel turns spent in this place divided by the number of levels of this place that you've seen.
                   A       B       C       D       E      F
               +-------+-------+-------+-------+-------+----------------------
         Total | 100.0 | 100.0 |   0.3 |   0.0 |   0.0 | 288.5
       Dungeon | 100.0 | 100.0 |   0.3 |   0.0 |   0.0 | 288.5
               +-------+-------+-------+-------+-------+----------------------

Table legend:
 A = Kills in this place as a percentage of kills in entire the game.
 B = Kills by you in this place as a percentage of kills by you in the entire game.
 C = Kills by friends in this place as a percentage of kills by friends in the entire game.
 D = Other kills in this place as a percentage of other kills in the entire game.
 E = Experience gained in this place as a percentage of experience gained in the entire game.
 F = Experience gained in this place divided by the number of levels of this place that you have seen.
                   A       B       C       D       E      F
               +-------+-------+-------+-------+-------+----------------------
         Total | 100.0 | 100.0 |  -nan |  -nan | 100.0 |  69.5
       Dungeon | 100.0 | 100.0 |  -nan |  -nan | 100.0 |  69.5
               +-------+-------+-------+-------+-------+----------------------

Vault maps used:
D:1:      wheals_arrival_linesprint
D:2:      item_on_display_a, uniq_jessica, uniq_robin, uniq_sigmund
D:3:      first_bread, uniq_iyjb
D:4:      temple_doors_ab, hangedman_glass_garden
